General information
- name: grudge03
- type: Ladder 1vs1/FFA
- host: BEAR_AND
- saver: BEAR_AND
map: EchoIcicles
- players: 10
- length: 18:23
- speed: Fast
- version: 1.21 W3XP
- replay type:

» download(65 KB)
Players
team 1 (winner)

»
WWGT]ShakaZahn (
light-blue | 113 APM | 2077 actions | 18:23)
5 Blademaster
3 Wind Walk
2 Critical Strike
3 Shadow Hunter
1 Hex
2 Healing Wave
» actions
| Assign group hotkey | 29 | |
| Basic commands | 41 | |
| Build / train | 61 | |
| ESC pressed | 3 | |
| Enter build submenu | 27 | |
| Enter hero's abilities submenu | 8 | |
| Give item / drop item | 5 | |
| Right click | 886 | |
| Select / deselect | 172 | |
| Select group hotkey | 741 | |
| Use ability | 104 | |
2077 total
» units
| Peon | 11 | |
| Grunt | 5 | |
| Forest Troll Shadow Priest | 1 | |
| Wind Rider | 2 | |
| Raider | 3 | |
| Troll Batrider | 7 | |
| Demolisher | 1 | |
30 total
» upgrades
| Berserker Strength | 1 | |
| Ensnare | 1 | |
| Pillage | 1 | |
| Reinforced Defenses | 1 | |
4 total
» buildings
| Altar of Storms | 1 | |
| Orc Burrow | 8 | |
| Barracks | 1 | |
| Voodoo Lounge | 1 | |
| Stronghold | 1 | |
| War Mill | 1 | |
| Beastiary | 1 | |
| Great Hall | 1 | |
| Watch Tower | 3 | |
| Fortress | 1 | |
19 total
» build order
00:02 Altar of Storms
00:14 Orc Burrow
00:41 Barracks
01:26 Orc Burrow
02:24 Voodoo Lounge
03:11 Stronghold
04:22 Orc Burrow
05:19 Orc Burrow
05:23 War Mill
05:36 Beastiary
08:07 Orc Burrow
08:45 Great Hall
10:02 Orc Burrow
10:05 Watch Tower
10:07 Watch Tower
10:11 Orc Burrow
12:44 Fortress
12:55 Watch Tower
13:50 Orc Burrow
» items
| Staff of Teleportation | 1 | |
| Healing Salve | 5 | |
| Lesser Clarity Potion | 4 | |
| Scroll of Speed | 1 | |
| Orb of Lightning | 1 | |
12 total
team 2 (loser)
WWGT]Terrordar (
purple | 65 APM | 1196 actions | 18:23)
4 Crypt Lord
2 Carrion Beetles
2 Spiked Carapace
3 Death Knight
2 Death Coil
1 Unholy Aura
» actions
| Assign group hotkey | 91 | |
| Basic commands | 27 | |
| Build / train | 55 | |
| Enter build submenu | 16 | |
| Enter hero's abilities submenu | 7 | |
| Right click | 518 | |
| Select / deselect | 313 | |
| Select group hotkey | 118 | |
| Use ability | 51 | |
1196 total
» units
| Acolyte | 11 | |
| Ghoul | 6 | |
| Gargoyle | 8 | |
| Obsidian Statue | 2 | |
| Crypt Fiend | 2 | |
29 total
» upgrades
» buildings
| Crypt | 2 | |
| Altar of Darkness | 1 | |
| Ziggurat | 7 | |
| Graveyard | 1 | |
| Tomb of Relics | 1 | |
| Nerubian Tower | 3 | |
| Halls of the Dead | 3 | |
| Spirit Tower | 3 | |
| Sacrificial Pit | 1 | |
| Slaughterhouse | 1 | |
| Black Citadel | 1 | |
24 total
» build order
00:07 Crypt
00:11 Altar of Darkness
00:33 Ziggurat
00:56 Graveyard
01:34 Tomb of Relics
02:10 Nerubian Tower
03:15 Halls of the Dead
03:15 Halls of the Dead
04:17 Ziggurat
04:18 Ziggurat
05:27 Nerubian Tower
05:28 Spirit Tower
05:33 Crypt
07:11 Ziggurat
08:20 Sacrificial Pit
08:55 Spirit Tower
10:15 Slaughterhouse
11:04 Black Citadel
15:37 Ziggurat
15:39 Ziggurat
15:41 Ziggurat
17:02 Nerubian Tower
17:05 Spirit Tower
» items
| Rod of Necromancy | 2 | |
| Dust of Appearance | 1 | |
| Scroll of Town Portal | 2 | |
5 total
observersBEAR_AND,
Chopstix,
choochoo,
digitalJESUS,
WWGT]Fictious,
eViL_pEnGooN,
WWGT]Dagda,
WWGT]Huginn Chat log
(00:04 / All) WWGT]ShakaZahn: leave.
(00:11 / All) WWGT]ShakaZahn: I'll let you, don't worry.
(00:18 / Observers) WWGT]Fictious: who's dagda and who's hugnn or whatever
(00:19 / Observers) choochoo: is this a tourny game
(00:21 / Observers) BEAR_AND: yes
(00:22 / Observers) WWGT]Fictious: i mean in warcraft hero terms
(00:23 / Observers) digitalJESUS: y
(00:25 / All) WWGT]ShakaZahn: Don't be embarrassed.
(00:26 / Observers) BEAR_AND: dagda is kotg
(00:30 / Observers) BEAR_AND: huginn ironcliff is mk
(00:30 / Observers) digitalJESUS: Hug is a MK
(00:34 / Observers) WWGT]Fictious: oh okay
(00:34 / Observers) WWGT]Dagda: Were they random or they picked these?
(00:38 / All) WWGT]ShakaZahn: Gl Hf Gg.
(00:39 / Observers) BEAR_AND: ud picked
(00:41 / Observers) BEAR_AND: lb random
(00:48 / Observers) BEAR_AND: fictious isn't playing,....
(00:51 / Observers) WWGT]Fictious: Yeah, my opponent dodged
(00:55 / Observers) WWGT]Fictious: What else is new
(01:00 / Observers) choochoo: oh nvm
(01:01 / Observers) WWGT]Huginn: so what's the score
(01:06 / Observers) WWGT]Fictious: 0-0
(01:07 / Observers) BEAR_AND: this series game 1
(01:10 / Observers) WWGT]Huginn: kk
(01:18 / Observers) choochoo: so who are you fict
(01:19 / Observers) BEAR_AND: do you guys want to finish after this, or should we play out this series?
(01:22 / Observers) choochoo: of can you not tell
(01:24 / Observers) WWGT]Huginn: good q
(01:25 / Observers) WWGT]Fictious: I can't tell.
(01:28 / Observers) BEAR_AND: up to you two
(01:33 / Observers) choochoo: but im not in the tourny!!
(01:34 / Observers) WWGT]Dagda: doesn't matter to me
(01:35 / Observers) Chopstix: its going to be hard
(01:36 / Observers) WWGT]Fictious: I'll tell after tourney is over.
(01:39 / Observers) Chopstix: to get everyone back together
(01:40 / Observers) BEAR_AND: ok let's watch these guys
(01:40 / Observers) choochoo: pfft
(01:41 / Observers) WWGT]Fictious: (After I've won.)
(01:57 / Observers) WWGT]Fictious: Just kidding, I'm spacegreek, like I said in channel
(01:57 / Observers) choochoo: your apm was much too high to be yup
(02:01 / Observers) BEAR_AND: terrordar with the crip lord
(02:02 / Observers) WWGT]Fictious: hahaha
(02:03 / Observers) WWGT]Huginn: terrordar possibly lucks out and goes fiends
(02:05 / Observers) digitalJESUS: an undead not getting a DK
(02:12 / Observers) WWGT]Fictious: Poor Yuppido
(02:41 / All) WWGT]ShakaZahn: Goonrush?
(02:45 / Observers) WWGT]Fictious: hahah
(02:50 / Observers) WWGT]Fictious: He knows
(02:53 / Observers) choochoo: its usually fiends crypt unless its a rush
(03:10 / Observers) WWGT]Fictious: Think he meant the player, OMGGOONRUSH.
(03:13 / Observers) WWGT]Fictious: Who always goes CL first.
(03:15 / Observers) WWGT]Huginn: pro very rarely fiends outside uvo
(03:20 / Observers) choochoo: really....
(03:24 / Observers) WWGT]Huginn: just seems like every ud on the planet
(03:24 / Observers) Chopstix: man
(03:27 / Observers) Chopstix: this tileset
(03:27 / Observers) WWGT]Huginn: goes dk fiendlich stat
(03:29 / Observers) WWGT]Huginn: because that's team games
(03:31 / Observers) Chopstix: gives advantage to light blue
(03:33 / Observers) Chopstix: hard to see
(03:36 / Observers) Chopstix: unless you change allied colors
(03:38 / Observers) choochoo: ghouls take way too much micro
(03:42 / Observers) WWGT]Fictious: Holy shit I didn't have ally colors enabled last game
(03:48 / Observers) WWGT]Fictious: What a noob i am
(03:54 / All) WWGT]ShakaZahn: ty
(03:56 / Observers) digitalJESUS: did the BM get that book?
(03:58 / Observers) BEAR_AND: yes
(04:00 / Observers) WWGT]Fictious: Ye
(04:11 / Observers) WWGT]Huginn: really hard not to
(04:17 / Observers) WWGT]Huginn: you know when it's going to die creeper is unprepared
(04:20 / Observers) BEAR_AND: -1 gool
(04:37 / Observers) WWGT]Huginn: goddamn
(04:41 / Observers) WWGT]Huginn: though shaka turned of vis
(04:42 / Observers) BEAR_AND: i can't see shit on minimap
(04:44 / Observers) WWGT]Huginn: invisible on minimap
(04:47 / Observers) WWGT]Fictious: Ghouls are pretty much useless anyway. Better to sacrifice them for a higher level hero than keep them alive.
(04:52 / Observers) choochoo: i
(04:54 / Observers) digitalJESUS: yeah bear, I had to switch colors
(04:58 / Observers) choochoo: i always turn off terrain ^^
(05:02 / Observers) WWGT]Huginn: ....
(05:02 / Observers) WWGT]Huginn: what
(05:05 / Observers) digitalJESUS: oh god
(05:11 / Observers) choochoo: well when obsing
(05:13 / Observers) digitalJESUS: I mean turn off terrain
(05:16 / Observers) BEAR_AND: cl with cookie & ring
(05:19 / Observers) BEAR_AND: gonna be fucked up
(05:30 / Observers) BEAR_AND: this
(05:31 / Observers) BEAR_AND: will
(05:31 / Observers) BEAR_AND: be
(05:32 / Observers) WWGT]Huginn: bm powering up too
(05:33 / Observers) BEAR_AND: murder
(05:36 / Observers) WWGT]Fictious: hahah
(05:37 / Observers) WWGT]Huginn: oh no
(05:39 / Observers) digitalJESUS: gogo sea turtle
(05:40 / Observers) WWGT]Huginn: does he not know
(05:42 / Observers) WWGT]Huginn: the turtle
(05:44 / Observers) WWGT]Huginn: is vicious
(05:44 / Observers) BEAR_AND: nope
(05:48 / Observers) BEAR_AND: like 120 chaos dmg
(05:50 / Observers) WWGT]Fictious: I think this is GG
(06:14 / Observers) WWGT]Huginn: blood int he water
(06:15 / Observers) choochoo: welp
(06:21 / Observers) digitalJESUS: he may of killed the turtle, but at what cost!
(06:23 / Observers) WWGT]Fictious: level 2 beetles though
(06:26 / Observers) WWGT]Huginn: oh no
(06:27 / Observers) WWGT]Fictious: should help
(06:28 / Observers) WWGT]Huginn: ghouls
(06:32 / Observers) WWGT]Huginn: phew
(06:34 / Observers) WWGT]Huginn: shaka cannot imagine
(06:39 / Observers) WWGT]Huginn: someone creeping turtle
(06:42 / Observers) WWGT]Fictious: haha
(06:43 / Observers) Chopstix: damn boots of speed is nice
(06:55 / Observers) WWGT]Fictious: ruh roh
(07:04 / Observers) WWGT]Fictious: Gargoyles, the great foil to mass grunts
(07:16 / Observers) choochoo: practicing for ne
(07:43 / Observers) choochoo: prob hex
(07:47 / Observers) choochoo: always hex first imo
(07:55 / Observers) Chopstix: NO WARDS IS BETTER
(07:57 / Observers) BEAR_AND: idk i beat yuo with wards....
(08:03 / Observers) choochoo: shh
(08:06 / Observers) WWGT]Fictious: Hex + Blademaster is overpowered.
(08:17 / Observers) choochoo: imba
(08:20 / Observers) Chopstix: hey its ensnare
(08:23 / Observers) WWGT]Fictious: Tome of experience is overpowered
(08:42 / Observers) choochoo: imo buy blade so bm cant buy another
(08:55 / Observers) choochoo: err
(08:56 / Observers) choochoo: yea
(08:58 / Observers) choochoo: claw
(09:05 / Observers) Chopstix: oh well its 6 damage
(09:09 / Observers) WWGT]Huginn: target burrows
(09:14 / Observers) Chopstix: not friends quality
(09:30 / Observers) Chopstix: ruh rough
(09:34 / Observers) WWGT]Fictious: baron bloodbane getting FUCKEd up
(09:38 / Observers) WWGT]Fictious: Uhoh
(09:42 / Observers) Chopstix: out
(09:44 / Observers) WWGT]Huginn: tp
(09:50 / Observers) Chopstix: at least hes below food now
(10:21 / Observers) digitalJESUS: the bat wants none of this war
(10:23 / Observers) WWGT]Fictious: The loneliest gargoyle
(10:36 / Observers) Chopstix: man
(10:40 / Observers) Chopstix: 2 bats would reck those gargs
(11:05 / Observers) WWGT]Huginn: creep
(11:09 / Observers) WWGT]Huginn: while harassing...
(11:29 / Observers) choochoo: so this is game 1?
(11:32 / Observers) BEAR_AND: yes
(11:32 / Observers) digitalJESUS: yes
(11:33 / Observers) Chopstix: wow
(11:42 / Observers) Chopstix: didnt have to cancel that town hall?
(12:36 / Observers) digitalJESUS: da shade :(
(12:40 / Observers) WWGT]Huginn: terrordar banking
(12:42 / Observers) WWGT]Huginn: wyrms??
(12:51 / Observers) WWGT]Fictious: Maybe just bad macro
(13:03 / Observers) digitalJESUS: saving for a rainy day
(13:06 / Observers) Chopstix: whelp two bats
(13:09 / Observers) digitalJESUS: 3
(13:11 / Observers) WWGT]Huginn: kids out there upgrade armor against bats
(13:14 / Observers) Chopstix: bye bye gargs
(13:35 / Observers) WWGT]Huginn: ok this is bad macro
(13:48 / Observers) Chopstix: man i remember back when raiders were worthless, took extra damage from pierce attacks
(14:06 / Observers) digitalJESUS: raiders had light armor?
(14:13 / Observers) Chopstix: it had different armor system back then
(14:16 / Observers) Chopstix: but they were completely useless
(14:18 / Observers) WWGT]Fictious: This game is like
(14:25 / Observers) WWGT]Fictious: Nr15, meet at center when you have level 5 heroes
(14:37 / Observers) WWGT]Huginn: war3 and tft went through some WILD changes
(14:45 / Observers) WWGT]Huginn: prob biggest in a blizzard game release to current
(14:56 / Observers) Chopstix: as soon as the armor changes were implemented in tft it got a lot funner
(14:56 / Observers) digitalJESUS: bam
(14:59 / Observers) Chopstix: rofl
(15:04 / Observers) digitalJESUS: the lone bat survives
(15:10 / Observers) digitalJESUS: *gargoylke
(15:12 / Observers) WWGT]Fictious: Wow.
(15:13 / Observers) Chopstix: heal da spida
(15:37 / Observers) WWGT]Huginn: bladestorm had critical strikes
(15:43 / Observers) WWGT]Huginn: blizzard increased in area with levels
(15:55 / Observers) WWGT]Huginn: casters had piercing and could be massed with no support whatsoever
(15:59 / Observers) WWGT]Fictious: Brilliance aura +300% mana regeneration
(16:12 / Observers) digitalJESUS: Mass shamanz
(16:13 / Observers) Chopstix: the thing about the game
(16:17 / Observers) WWGT]Huginn: lvl 3 brilliance infinite stormbolts
(16:18 / Observers) Chopstix: was that major was absolute
(16:21 / Observers) WWGT]Huginn: could storm bolt buildings!
(16:25 / Observers) BEAR_AND: hahaha
(16:26 / Observers) Chopstix: nonmagic units sucked
(16:35 / Observers) WWGT]Huginn: man i storm bolted a lot of buildings
(16:39 / Observers) WWGT]Huginn: when nubs didn't leave
(16:43 / Observers) WWGT]Fictious: 4v4 storm bolt TH rush owned
(16:56 / Observers) digitalJESUS: hahja
(16:57 / Observers) Chopstix: and
(16:59 / Observers) Chopstix: everything was
(17:02 / Observers) Chopstix: 100x more expensive
(17:07 / Observers) Chopstix: i remember when grunt was like 400 gold or something
(17:11 / Observers) WWGT]Huginn: lumber somehow even more useless
(17:12 / Observers) WWGT]Huginn: than today
(17:13 / Observers) Chopstix: no one really made them
(17:25 / Observers) WWGT]Huginn: if your grunt got damaged that's it
(17:29 / Observers) WWGT]Fictious: Yeah, but you got like 200 gold from killing a level 2 creep
(17:30 / Observers) Chopstix: oh yea
(17:31 / Observers) Chopstix: no stores
(17:44 / Observers) Chopstix: no healing, shitty dispel for orcs
(17:59 / Observers) digitalJESUS: purge in classic
(18:00 / Observers) WWGT]Fictious: C'mon, let's see some wyrms
(18:01 / Observers) choochoo: rod of negation is all da dispel u need
(18:05 / Observers) choochoo: or whatever it was called
(18:10 / Observers) WWGT]Fictious: Wand of negation
(18:14 / Observers) WWGT]Huginn: didn't build raiders though so we used purge to catch fleeing things
(18:23 / Observers) BEAR_AND: giving win to lb